[Event "Titled Tuesday Blitz November 15 Late 2022"]
[White "Roman, Rodrigo"]
[Black "Stanisz, Patryk"]
[WhiteFideId "3701220"]
[BlackFideId "1123106"]
[WhiteElo "1995"]
[BlackElo "2069"]
[Result "1-0"]
[Round "04"]
[TimeControl "180+1"]
[Date "2022.11.16"]
[WhiteClock "0:03:11"]
[BlackClock "0:00:04"]

1. Nf3 d5 2. g3 c6 3. Bg2 Nf6 4. b3 Bf5 5. Bb2 h6 6. Kf1 e6 7. Kg1 Bc5 8. h3 Nbd7 9. e3 a5 10. d4 Bd6 11. Nbd2 Qe7 12. a4 e5 13. Nxe5 Nxe5 14. dxe5 Bxe5 15. Bxe5 Qxe5 16. Nf3 Qe7 17. Nd4 Bd7 18. Kh2 O-O 19. Re1 Ne4 20. Bxe4 Qxe4 21. Qd3 Qe5 22. Nf3 Qh5 23. Ng1 Bf5 24. Qd1 Qg6 25. Rc1 Rfe8 26. Nf3 Qh5 27. Nh4 Qxd1 28. Rexd1 Be4 29. f3 Bh7 30. Ng2 Re7 31. g4 Rae8 32. Kg3 f5 33. Rd4 fxg4 34. hxg4 g5 35. c4 dxc4 36. bxc4 Kg7 37. Rd6 Bg8 38. e4 Re6 39. c5 Kf6 40. Ne3 Rxd6 41. cxd6 Be6 42. Rb1 Rd8 43. Rh1 Rxd6 44. Rxh6+ Ke5 45. Rg6 Rd4 46. Rxg5+ Kf6 47. Kf4 Rxa4 48. Rh5 Bf7 49. g5+ Ke7 50. Rh6 Ra3 51. Nf5+ Kd7 52. g6 Bxg6 53. Rxg6 b5 54. Rg7+ Ke6 55. Re7+ Kf6 56. e5+ Kg6 57. Rg7+ Kh5 58. Rg5# 1-0


[Site "https://www.chess.com"]

[Event "Titled Tuesday Blitz November 15 Late 2022"]
[White "Romero Ruscalleda, Josep"]
[Black "Hnydiuk, Aleksander"]
[WhiteFideId "2231859"]
[BlackFideId "1109057"]
[WhiteElo "2183"]
[BlackElo "2374"]
[Result "0-1"]
[Round "04"]
[TimeControl "180+1"]
[Date "2022.11.16"]
[WhiteClock "0:00:05"]
[BlackClock "0:00:07"]

1. e4 c5 2. c3 d5 3. exd5 Qxd5 4. d4 Nc6 5. Nf3 Bf5 6. Be3 Nf6 7. Nbd2 cxd4 8. Nxd4 Nxd4 9. Bxd4 e5 10. Qe2 Bd6 11. Qb5+ Qxb5 12. Bxb5+ Ke7 13. Be3 Nd5 14. Bg5+ f6 15. Bh4 h5 16. h3 Nf4 17. O-O Bd3 18. Bxd3 Nxd3 19. Ne4 Nc5 20. Nxd6 Kxd6 21. Rfd1+ Ke6 22. f3 Na4 23. Rd2 Rhd8 24. Rad1 Ke7 25. Bf2 Nxb2 26. Bc5+ Ke8 27. Rxd8+ Rxd8 28. Rb1 Rd2 29. Bxa7 Kd7 30. Be3 Rc2 31. f4 e4 32. Bd4 Kc6 33. g4 Nd3 34. Rb6+ Kc7 35. gxh5 Nxf4 36. h6 gxh6 37. Rxf6 Nxh3+ 38. Kf1 h5 39. Rh6 b5 40. Rxh5 Rc1+ 41. Ke2 Nf4+ 42. Kd2 Nxh5 43. Kxc1 Kc6 44. Kd2 Kd5 45. Bb6 Ng3 46. Ke3 Nf5+ 47. Kd2 Kc4 48. Kc2 Ne7 49. Be3 Nd5 50. Bd4 b4 51. Bf2 bxc3 52. a4 Nb4+ 53. Kd1 Kd3 54. Bc5 c2+ 55. Kc1 Na2+ 56. Kb2 c1=Q+ 57. Kxa2 Qxc5 58. Kb3 Qb6+ 59. Ka3 Kc3 60. Ka2 Qb2# 0-1


[Site "https://www.chess.com"]

[Event "Titled Tuesday Blitz November 15 Late 2022"]
[White "Rose, Felix"]
[Black "Hajiyev, Kanan"]
[WhiteFideId "5105722"]
[BlackFideId "13404148"]
[WhiteElo "2039"]
[BlackElo "2118"]
[Result "0-1"]
[Round "04"]
[TimeControl "180+1"]
[Date "2022.11.16"]
[WhiteClock "0:00:08"]
[BlackClock "0:00:21"]

1. e4 c6 2. d4 d5 3. e5 a6 4. h4 h5 5. Bd3 c5 6. dxc5 Nc6 7. f4 Bg4 8. Nf3 e6 9. Be3 d4 10. Bf2 Bxc5 11. Nbd2 Nge7 12. Ne4 O-O 13. Nxc5 Qa5+ 14. Qd2 Qxc5 15. Ng5 Nf5 16. O-O Rfd8 17. a3 a5 18. Qe1 Ne3 19. Ne4 Qb6 20. Bxe3 dxe3 21. Kh2 Qxb2 22. Qxe3 Qd4 23. Qxd4 Nxd4 24. Rab1 b5 25. Rfe1 Rac8 26. Rb2 b4 27. axb4 axb4 28. Nd6 Rc3 29. Ne4 Rc6 30. Ra1 Bf5 31. Rxb4 Bxe4 32. Bxe4 Nxc2 33. Bxc6 Nxb4 34. Bf3 g6 35. Ra7 Nd3 36. g3 Ne1 37. Bb7 Rd2+ 38. Kg1 Kg7 39. Ba8 Nc2 40. Bc6 Nd4 41. Be8 Ne2+ 42. Kf2 Nxf4+ 43. Ke3 Rd8 44. Bxf7 Nd5+ 45. Kf3 Rf8 0-1


[Site "https://www.chess.com"]

[Event "Titled Tuesday Blitz November 15 Late 2022"]
[White "Rosenberg, Evan S"]
[Black "chess50years"]
[WhiteFideId "2019299"]
[WhiteElo "2365"]
[BlackElo "2129"]
[Result "0-1"]
[Round "04"]
[TimeControl "180+1"]
[Date "2022.11.16"]
[WhiteClock "0:00:03"]
[BlackClock "0:01:24"]

1. d4 Nf6 2. Nf3 e6 3. g3 b6 4. Bg2 Bb7 5. O-O Be7 6. c4 Ne4 7. d5 O-O 8. Ne1 f5 9. Nc3 Nxc3 10. bxc3 Na6 11. Nd3 Rb8 12. Qa4 Bf6 13. Ba3 Re8 14. dxe6 dxe6 15. Bxb7 Rxb7 16. Qxa6 Rb8 17. c5 Bxc3 18. Rac1 Bd4 19. e3 Bxe3 20. fxe3 Qd5 21. Qc4 Qd7 22. Nf4 Kh8 23. Rfd1 Qf7 24. cxb6 axb6 25. Qxc7 Qf6 26. Rd7 Ra8 27. Bb4 Rxa2 28. Bc3 e5 29. Nh5 Qh6 30. Bd2 Qxh5 31. Rxg7 Rxd2 32. Rf1 Qxh2# 0-1


[Site "https://www.chess.com"]

[Event "Titled Tuesday Blitz November 15 Late 2022"]
[White "Rustemov, Alexander"]
[Black "Manukyan, Sargis A."]
[WhiteFideId "4119002"]
[BlackFideId "13303970"]
[WhiteElo "2829"]
[BlackElo "2187"]
[Result "0-1"]
[Round "04"]
[TimeControl "180+1"]
[Date "2022.11.16"]
[WhiteClock "0:00:03"]
[BlackClock "0:00:06"]

1. d4 Nf6 2. c4 c5 3. Nf3 cxd4 4. Nxd4 e5 5. Nb5 d5 6. cxd5 Bc5 7. N5c3 O-O 8. h3 e4 9. g4 Qb6 10. e3 Nbd7 11. Bg2 Ne5 12. Nxe4 Nxe4 13. Bxe4 f5 14. Bxf5 Bxf5 15. gxf5 Rxf5 16. Nc3 Re8 17. Qc2 Nf3+ 18. Kf1 Qa6+ 19. Qe2 Qf6 20. Qb5 Qf8 21. Qe2 Nd4 22. Qd2 Nf3 23. Qe2 Nd4 24. exd4 Rxe2 25. Kxe2 Rxf2+ 26. Kd3 Qf5+ 27. Kc4 Bb6 28. Rd1 Qc2 29. Be3 Rf3 30. Rd3 Qxb2 31. d6 Ba5 32. Re1 Qb4+ 33. Kd5 Rf6 34. Ne4 Qb5+ 35. Nc5 Qc6+ 36. Ke5 Rxd6 37. Bf4 Qd5# 0-1


[Site "https://www.chess.com"]

[Event "Titled Tuesday Blitz November 15 Late 2022"]
[White "Sanchez Enriquez, Oscar Gerardo"]
[Black "Prydun, Andriy"]
[WhiteFideId "5106311"]
[BlackFideId "14145898"]
[WhiteElo "2375"]
[BlackElo "2163"]
[Result "1/2-1/2"]
[Round "04"]
[TimeControl "180+1"]
[Date "2022.11.16"]
[WhiteClock "0:00:15"]
[BlackClock "0:00:04"]

1. e4 c6 2. d4 d5 3. e5 Bf5 4. Nf3 e6 5. Be2 Nd7 6. O-O Ne7 7. b3 Rc8 8. c4 Rc7 9. Nc3 Bg6 10. Bg5 h6 11. Bh4 a6 12. Rc1 Qc8 13. Bd3 Bxd3 14. Qxd3 Nf5 15. Bg3 Ba3 16. Rc2 O-O 17. c5 b6 18. cxb6 Nxb6 19. Nb1 Bb4 20. Rfc1 a5 21. Bf4 Ne7 22. h4 c5 23. a3 c4 24. Qd1 Ng6 25. Be3 Be7 26. h5 Nh4 27. Nxh4 Bxh4 28. Qg4 Bd8 29. Bxh6 f5 30. Qg6 Qd7 31. Bd2 Qf7 32. Bxa5 cxb3 33. Rxc7 Bxc7 34. Nd2 b2 35. Rb1 Qxg6 36. hxg6 Na4 37. Bxc7 Rc8 38. Ba5 Rc1+ 39. Kh2 Kf8 40. Bb4+ Kg8 41. Kg3 Kh8 42. Kf4 Kg8 43. Kg5 Kh8 44. f3 Kg8 45. g4 fxg4 46. fxg4 Kh8 47. Kf4 Kg8 48. Ke3 Kh8 49. Kd3 Kg8 50. Ke3 Kh8 51. Kf4 Kg8 52. Kg3 Kh8 53. Kh4 Kg8 54. Kg5 Kh8 55. Kh4 Kg8 56. Rxb2 Nxb2 57. Nf3 Rc6 58. Bd6 Nc4 59. Bc5 Ra6 60. Ng5 Nb2 61. Nf7 Nc4 62. Nd8 Ne3 63. Nb7 Nc4 64. Bd6 Rb6 65. Nd8 Nxd6 66. exd6 Rxd6 67. Nf7 Ra6 68. Nd8 Rxa3 69. Nxe6 Ra6 70. Nf4 Ra4 71. Nxd5 Rxd4 72. Ne7+ Kf8 73. Nf5 Rd5 74. Kg5 Ra5 75. Kf4 Kg8 76. Ne3 Kf8 77. Nf5 Kg8 78. Kg5 Kf8 79. Kh4 Kg8 80. Ne7+ Kf8 81. Nc6 Ra4 82. Ne5 Kg8 83. Nc6 Ra6 84. Ne7+ Kf8 85. Nf5 Rxg6 86. Kh5 Ra6 87. Kg5 Kg8 88. Ne7+ Kh7 89. Nf5 Ra5 90. Kf4 g6 91. Nd6 Kh6 92. Kg3 Kg7 93. Ne8+ Kf7 94. Nd6+ Ke6 95. Ne4 Ra4 96. Ng5+ Ke7 97. Nh7 Ra5 98. Kh4 Kf7 99. Ng5+ Kf6 100. Ne4+ Ke5 101. Ng5 Kf4 102. Ne6+ Kf3 103. Nd4+ Ke4 104. Ne6 Rd5 105. Ng5+ Kf4 106. Nh3+ Kf3 107. Ng5+ Ke3 108. Nh3 Re5 109. Ng5 Kf4 110. Nh3+ Ke4 111. Ng5+ Kd5 112. Nf3 Re3 113. Ng5 Re5 114. Nf3 Re3 115. Ng5 Re5 1/2-1/2


[Site "https://www.chess.com"]

[Event "Titled Tuesday Blitz November 15 Late 2022"]
[White "Sargsyan, Anna M."]
[Black "Vinuela Diaz, Saul"]
[WhiteFideId "13308130"]
[BlackFideId "2239639"]
[WhiteElo "2284"]
[BlackElo "2204"]
[Result "1-0"]
[Round "04"]
[TimeControl "180+1"]
[Date "2022.11.16"]
[WhiteClock "0:00:06"]
[BlackClock "0:00:03"]

1. d4 d5 2. c4 dxc4 3. Nf3 Nf6 4. e3 e6 5. Bxc4 c5 6. O-O a6 7. Nbd2 b5 8. Bd3 Bb7 9. a4 b4 10. Nc4 Nbd7 11. Qe2 Rc8 12. Rd1 Qc7 13. Nfe5 Be7 14. Nxd7 Nxd7 15. e4 cxd4 16. e5 Nc5 17. b3 Nxb3 18. Rb1 Nc5 19. Nb2 O-O 20. Bf4 Qc6 21. f3 Nxd3 22. Nxd3 Qxa4 23. Bd2 a5 24. Qf2 Qb5 25. Be1 Rfd8 26. h4 b3 27. h5 h6 28. Qg3 Rc3 29. Nf2 Rc2 30. Ng4 Bg5 31. Bf2 Rxf2 32. Qxf2 d3 33. f4 Be7 34. Qg3 Kf8 35. Nf2 d2 36. Rxb3 Qd5 37. Rd3 Qa2 38. Rxd8+ Bxd8 39. Qd3 Qd5 40. Qxd5 Bxd5 41. Rxd2 Bb6 42. Rb2 Be3 43. Kf1 Bxf4 44. Nd3 Bc4 45. Ke2 Bxd3+ 46. Kxd3 Bxe5 47. Rb5 Bc7 48. Rc5 Bd6 49. Rxa5 Ke7 50. Ke4 Kf6 51. g4 Bb4 52. Ra7 Bd2 53. Rb7 Bg5 54. Rb5 g6 55. hxg6 Kxg6 56. Rb8 Bf6 57. Kf3 h5 58. Rg8+ Kh7 59. Rf8 hxg4+ 60. Kxg4 Kg6 61. Ra8 Be7 62. Rg8+ Kh7 63. Re8 Bd6 64. Rd8 Be7 65. Rd7 Bf8 66. Rxf7+ Kg8 67. Rd7 Bg7 68. Kf4 e5+ 69. Ke4 Kh7 70. Kf5 Kh6 71. Rd1 Kh7 72. Rh1+ Kg8 73. Kg6 Bh8 74. Rb1 Bg7 75. Rb8+ Bf8 76. Re8 e4 77. Rxe4 Kh8 78. Re8 Kg8 79. Rd8 Kh8 80. Rxf8# 1-0


[Site "https://www.chess.com"]

[Event "Titled Tuesday Blitz November 15 Late 2022"]
[White "Sarkar, Justin"]
[Black "Melian, Juan Sebastian"]
[WhiteFideId "2010011"]
[BlackFideId "3706575"]
[WhiteElo "2239"]
[BlackElo "2044"]
[Result "1-0"]
[Round "04"]
[TimeControl "180+1"]
[Date "2022.11.16"]
[WhiteClock "0:00:06"]
[BlackClock "0:00:09"]

1. e4 c6 2. d4 d5 3. e5 c5 4. Nf3 Nc6 5. dxc5 e6 6. Be3 Qc7 7. Bb5 Ne7 8. c3 a6 9. Ba4 Ng6 10. Bd4 Bd7 11. Bxc6 Bxc6 12. b4 Bb5 13. a4 Bc4 14. Na3 Nf4 15. Nxc4 dxc4 16. O-O Be7 17. Nd2 Rd8 18. Nxc4 O-O 19. Qg4 Ng6 20. Nd6 Qc6 21. f4 b6 22. Qf3 Qd7 23. cxb6 Rb8 24. a5 Rfd8 25. Bc5 Nh4 26. Qg4 g6 27. Rfd1 h5 28. Qe2 Qc6 29. Rd2 Rd7 30. Rad1 Rbd8 31. Ne4 Rxd2 32. Rxd2 Rxd2 33. Qxd2 Qxe4 34. Bxe7 Qb1+ 35. Kf2 Qh1 36. Ke3 Qg1+ 37. Kd3 Qf1+ 38. Kc2 Qc4 39. Bxh4 Qa2+ 40. Kd3 Qb1+ 41. Ke3 Qg1+ 42. Bf2 Qxg2 43. Qe2 Qc6 44. Qf3 Qxc3+ 45. Ke2 Qc2+ 46. Kf1 Qb1+ 47. Kg2 Qxb4 48. b7 Kh7 49. Ba7 Qd2+ 50. Kg3 Qe1+ 51. Bf2 Qb1 52. Qc3 h4+ 53. Kg2 h3+ 54. Qxh3+ Kg7 55. Qc3 Qe4+ 56. Qf3 Qb1 57. Bh4 Kh7 58. Kg3 Qg1+ 59. Qg2 Qe3+ 60. Qf3 Qg1+ 61. Kh3 Qb1 62. Bf2 Qf5+ 63. Qg4 Qb1 64. Qh4+ Kg7 65. Qf6+ Kh6 66. b8=Q Qd3+ 67. Bg3 Qf1+ 68. Kg4 Qe2+ 69. Kh3 Qh5+ 70. Kg2 Qe2+ 71. Bf2 Qg4+ 72. Kf1 Qd1+ 73. Be1 Qf3+ 74. Kg1 Qe3+ 75. Bf2 Qc1+ 76. Kg2 Qc6+ 77. Kg3 Qc3+ 78. Kg4 Qf3+ 79. Kxf3 Kh7 80. Qg7+ Kxg7 81. Qb7 Kh6 82. Qxa6 g5 83. Qb7 g4+ 84. Kxg4 f5+ 85. Kf3 Kh5 86. Qf7+ Kh6 87. Qxe6+ Kh7 88. Qxf5+ Kg8 89. Qg6+ Kh8 90. Qf6+ Kh7 91. e6 Kg8 92. Qe7 Kh8 93. Bd4+ Kg8 94. Qf7# 1-0


[Site "https://www.chess.com"]

[Event "Titled Tuesday Blitz November 15 Late 2022"]
[White "Sattarov, Bobir"]
[Black "Ibarra Jerez, Jose Carlos"]
[WhiteFideId "14203081"]
[BlackFideId "2226332"]
[WhiteElo "2354"]
[BlackElo "2638"]
[Result "1/2-1/2"]
[Round "04"]
[TimeControl "180+1"]
[Date "2022.11.15"]
[WhiteClock "0:00:09"]
[BlackClock "0:00:20"]

1. e4 Nc6 2. d4 d5 3. e5 Bf5 4. c3 Qd7 5. f4 f6 6. Nf3 Nh6 7. Bd3 Bxd3 8. Qxd3 Qf5 9. Qxf5 Nxf5 10. g4 Nh6 11. h3 f5 12. Ng5 Nd8 13. Rg1 e6 14. Nd2 Be7 15. Ngf3 O-O 16. Nf1 g6 17. Be3 b6 18. N1d2 c5 19. c4 dxc4 20. dxc5 fxg4 21. hxg4 Bxc5 22. Ke2 Rc8 23. Bxc5 Rxc5 24. Ne4 Rb5 25. Nf6+ Kg7 26. Rad1 Rxb2+ 27. Ke3 Nc6 28. Ng5 Rxf6 29. exf6+ Kxf6 30. Rd7 Ne7 31. Ne4+ Kf7 32. Nd6+ Kf8 33. Rd8+ Kg7 34. Rd7 Kf8 35. Rd8+ Kg7 36. Rd7 Kf8 1/2-1/2


[Site "https://www.chess.com"]

[Event "Titled Tuesday Blitz November 15 Late 2022"]
[White "Saveliev, Alexei"]
[Black "Saydaliev, Saidakbar"]
[WhiteFideId "24128546"]
[BlackFideId "14203693"]
[WhiteElo "2290"]
[BlackElo "2276"]
[Result "0-1"]
[Round "04"]
[TimeControl "180+1"]
[Date "2022.11.16"]
[WhiteClock "0:00:12"]
[BlackClock "0:00:19"]

1. c4 g6 2. Nc3 Bg7 3. d4 c5 4. d5 Bxc3+ 5. bxc3 f5 6. e4 fxe4 7. f3 e5 8. Qc2 d6 9. fxe4 Bg4 10. Be2 Qh4+ 11. g3 Qh5 12. Bxg4 Qxg4 13. Qe2 Qxe2+ 14. Kxe2 Nf6 15. Kd3 Ng4 16. Be3 O-O 17. Nh3 h6 18. Rab1 b6 19. Rhf1 Nd7 20. Bg1 Ndf6 21. a4 Nd7 22. Ke2 Rxf1 23. Rxf1 Rf8 24. Rxf8+ Kxf8 25. Nf2 Nxf2 26. Bxf2 Kg7 27. Be3 Nf6 28. Kf3 Ne8 29. g4 g5 30. h3 Kg6 31. Bd2 h5 32. Be3 Nf6 33. Bd2 hxg4+ 34. hxg4 Ng8 35. Ke3 Nh6 36. Kf3 Nf7 37. Ke3 Kf6 38. Be1 Ke7 39. Bd2 Kd7 40. Kd3 Kc7 41. Kc2 Nh6 42. Bxg5 Nxg4 43. Bh4 Kb7 44. Kd3 Kc7 45. Kc2 Nh6 46. Kd3 Nf7 47. Kc2 Nd8 48. Bxd8+ Kxd8 49. Kd3 Ke7 50. Ke3 Kf6 51. Kf3 Kg5 52. Kg3 a6 53. Kh3 Kf4 54. Kh4 Kxe4 55. Kg5 Kd3 56. Kf6 e4 57. Ke6 e3 58. Kxd6 e2 59. Kc7 e1=Q 60. d6 Kxc3 61. d7 Qe7 62. Kc8 Kxc4 63. d8=Q Qxd8+ 64. Kxd8 0-1


[Site "https://www.chess.com"]

[Event "Titled Tuesday Blitz November 15 Late 2022"]
[White "Shapiro, Daniel"]
[Black "Miszler, Levente"]
[WhiteFideId "2001780"]
[BlackFideId "763276"]
[WhiteElo "2319"]
[BlackElo "2176"]
[Result "0-1"]
[Round "04"]
[TimeControl "180+1"]
[Date "2022.11.16"]
[WhiteClock "0:00:13"]
[BlackClock "0:01:33"]

1. d4 Nf6 2. c4 e6 3. g3 d5 4. Nf3 Be7 5. Bg2 O-O 6. O-O dxc4 7. Ne5 Nc6 8. Bxc6 bxc6 9. Nxc6 Qd7 10. Nxe7+ Qxe7 11. Qa4 e5 12. dxe5 Qxe5 13. Qxc4 Be6 14. Qd3 Rad8 15. Qe3 Qh5 16. f3 Rfe8 17. Qf2 Bc4 18. Nc3 Nd5 19. Re1 Qh3 20. a3 Nxc3 21. bxc3 Bxe2 22. Be3 Bc4 23. Bxa7 h6 24. Bd4 Bd5 25. a4 Qh5 26. Kg2 Rxe1 27. Rxe1 Rd6 28. Re5 Qg6 29. Bc5 Rd8 30. Qd2 Bxf3+ 0-1


[Site "https://www.chess.com"]

[Event "Titled Tuesday Blitz November 15 Late 2022"]
[White "Shimanov, Aleksandr"]
[Black "Koutlas, Nikolaos"]
[WhiteFideId "4198603"]
[BlackFideId "25827138"]
[WhiteElo "2605"]
[BlackElo "2167"]
[Result "1-0"]
[Round "04"]
[TimeControl "180+1"]
[Date "2022.11.15"]
[WhiteClock "0:01:09"]
[BlackClock "0:00:03"]

1. e4 c5 2. Nf3 Nc6 3. Nc3 g6 4. d4 cxd4 5. Nxd4 Bg7 6. Nxc6 bxc6 7. Bc4 Nf6 8. e5 Ng8 9. Bf4 Nh6 10. O-O O-O 11. Qd2 Nf5 12. Rad1 d5 13. exd6 exd6 14. Bxd6 Nxd6 15. Qxd6 Qxd6 16. Rxd6 Rb8 17. Bb3 c5 18. Nd5 Re8 19. Nc7 Rf8 20. Rc6 Bxb2 21. Rxc5 Bd4 22. Rc4 Bb6 23. Nd5 Ba6 24. Rf4 Bxf1 25. Kxf1 Kg7 26. h4 h5 27. g3 Rbd8 28. a4 Rd6 29. Kg2 Bc5 30. Rf3 Rfd8 31. Rd3 Bb6 32. Rd1 Rf6 33. Rd2 Rf5 34. f4 Ba5 35. Rd3 Be1 36. Kf3 Kh7 37. Nf6+ Rxf6 38. Rxd8 Kg7 39. Rd7 a5 40. Bd5 Bb4 41. c4 Bc5 42. Rc7 Bb6 43. Rb7 Bc5 44. Rb5 Bb4 45. c5 Rf5 46. c6 Bd6 47. Rxa5 f6 48. Ra7+ Kh8 49. Ke4 1-0


[Site "https://www.chess.com"]

[Event "Titled Tuesday Blitz November 15 Late 2022"]
[White "Shuvalova, Polina"]
[Black "Storey, Charles H"]
[WhiteFideId "24171760"]
[BlackFideId "406686"]
[WhiteElo "2342"]
[BlackElo "2252"]
[Result "1-0"]
[Round "04"]
[TimeControl "180+1"]
[Date "2022.11.16"]
[WhiteClock "0:00:42"]
[BlackClock "0:00:11"]

1. d4 g6 2. e4 Bg7 3. Nc3 c5 4. Nf3 Qa5 5. Be3 Nf6 6. Bd3 c4 7. Bxc4 Nxe4 8. O-O Nxc3 9. bxc3 Qxc3 10. Bb3 O-O 11. Re1 e6 12. Bd2 Qc7 13. c4 Nc6 14. d5 Na5 15. Rc1 Nxb3 16. axb3 b6 17. Bc3 Bxc3 18. Rxc3 Bb7 19. Ng5 exd5 20. Rh3 h5 21. cxd5 Rae8 22. Ne4 f5 23. Nf6+ Rxf6 24. Rxe8+ Kf7 25. Rhe3 Qd6 26. h3 Kg7 27. R3e7+ Rf7 28. Qd4+ Qf6 29. Rxf7+ Kxf7 30. Rf8+ 1-0


[Site "https://www.chess.com"]

[Event "Titled Tuesday Blitz November 15 Late 2022"]
[White "Silvestre, Christian"]
[Black "Estrada Nieto, Julian"]
[WhiteFideId "30956269"]
[BlackFideId "5101018"]
[WhiteElo "2336"]
[BlackElo "2221"]
[Result "0-1"]
[Round "04"]
[TimeControl "180+1"]
[Date "2022.11.16"]
[WhiteClock "0:00:06"]
[BlackClock "0:00:21"]

1. c4 e5 2. b3 Nc6 3. Bb2 Nf6 4. g3 d5 5. cxd5 Nxd5 6. Bg2 Be7 7. Nc3 Nxc3 8. dxc3 Be6 9. Qc2 O-O 10. Rd1 Qc8 11. Nf3 Bh3 12. O-O Bxg2 13. Kxg2 Qe6 14. Qe4 Rad8 15. Nd2 f5 16. Qc4 Qxc4 17. Nxc4 b5 18. Ne3 g6 19. Nd5 Bd6 20. e3 Kf7 21. Kf3 e4+ 22. Ke2 Ne5 23. c4 Nd3 24. Ba1 bxc4 25. bxc4 c6 26. Nc3 Be5 27. Na4 Bxa1 28. Rxa1 Rb8 29. Rab1 Ke7 30. f3 Kd6 31. fxe4 fxe4 32. Nc3 Ke5 33. Kd2 Rxb1 34. Rxb1 Rf2+ 35. Ne2 Rxh2 36. Rb7 a5 37. Ra7 Nb2 38. Rxa5+ Kd6 0-1


[Site "https://www.chess.com"]

[Event "Titled Tuesday Blitz November 15 Late 2022"]
[White "Sjugirov, Sanan"]
[Black "Badelka, Olga"]
[WhiteFideId "4189302"]
[BlackFideId "13509926"]
[WhiteElo "2611"]
[BlackElo "2337"]
[Result "1-0"]
[Round "04"]
[TimeControl "180+1"]
[Date "2022.11.16"]
[WhiteClock "0:00:42"]
[BlackClock "0:00:11"]

1. d4 Nf6 2. Nf3 e6 3. Bg5 d5 4. e3 c5 5. Nbd2 Nc6 6. c3 h6 7. Bh4 Be7 8. Bd3 b6 9. Ne5 Nxe5 10. dxe5 Nd7 11. Bg3 a5 12. Qg4 Kf8 13. h4 h5 14. Qe2 c4 15. Bc2 Nc5 16. Nf3 Ba6 17. Nd4 Qd7 18. O-O g6 19. Rad1 Kg7 20. e4 Nd3 21. exd5 Qxd5 22. b3 b5 23. Bxd3 cxd3 24. Rxd3 Qb7 25. Rfd1 Rhd8 26. Qe3 Rd5 27. Bf4 Rad8 28. Bg5 Qd7 29. Qf4 Bxg5 30. Qxg5 Bb7 31. c4 bxc4 32. bxc4 1-0


[Site "https://www.chess.com"]

[Event "Titled Tuesday Blitz November 15 Late 2022"]
[White "Sonnenschein, Philipp"]
[Black "Leiva, Gianmarco"]
[WhiteFideId "16250877"]
[BlackFideId "3804399"]
[WhiteElo "2225"]
[BlackElo "2286"]
[Result "0-1"]
[Round "04"]
[TimeControl "180+1"]
[Date "2022.11.16"]
[WhiteClock "0:01:15"]
[BlackClock "0:02:21"]

1. e4 c5 2. Nf3 d6 3. d4 cxd4 4. Nxd4 Nf6 5. Nc3 a6 6. h3 e5 7. Nb3 Be7 8. Be3 b5 9. Qf3 Nbd7 10. g4 Bb7 11. g5 Ng8 12. h4 h6 13. Rg1 hxg5 14. hxg5 Nb6 15. Na5 Qc7 16. Bxb5+ axb5 17. Nxb5 Qd7 18. Bxb6 Qxb5 19. Nxb7 Qxb6 20. Qb3 Qxb3 21. cxb3 Ra7 22. Rc1 Kd7 0-1


[Site "https://www.chess.com"]

[Event "Titled Tuesday Blitz November 15 Late 2022"]
[White "Souleidis, Georgios"]
[Black "Onslow, Alfie"]
[WhiteFideId "4206827"]
[BlackFideId "436976"]
[WhiteElo "2401"]
[BlackElo "2015"]
[Result "0-1"]
[Round "04"]
[TimeControl "180+1"]
[Date "2022.11.16"]
[WhiteClock "0:00:11"]
[BlackClock "0:00:20"]

1. e4 c5 2. Be2 Nc6 3. d3 g6 4. f4 Bg7 5. Nf3 d6 6. O-O e5 7. fxe5 Nxe5 8. c3 Ne7 9. Nxe5 dxe5 10. Be3 Qd6 11. Nd2 O-O 12. Nc4 Qc7 13. a4 Be6 14. Qe1 b6 15. Qh4 Nc6 16. Bg4 Bxc4 17. dxc4 Na5 18. Be2 Rad8 19. Qg3 Rd7 20. Rac1 Rfd8 21. h4 Qc6 22. Bg4 Rd3 23. Qf3 f6 24. Qh3 Qxe4 25. Be6+ Kh8 26. Rf3 Nxc4 27. Re1 Nxe3 28. h5 Rd1 29. Rxd1 Rxd1+ 30. Kh2 Nf1+ 31. Rxf1 Rxf1 32. Bb3 Qf4+ 0-1


[Site "https://www.chess.com"]

[Event "Titled Tuesday Blitz November 15 Late 2022"]
[White "Steinberg, Nitzan"]
[Black "Fedoseev, Vladimir"]
[WhiteFideId "2801795"]
[BlackFideId "24130737"]
[WhiteElo "2491"]
[BlackElo "2726"]
[Result "0-1"]
[Round "04"]
[TimeControl "180+1"]
[Date "2022.11.15"]
[WhiteClock "0:00:05"]
[BlackClock "0:00:12"]

1. e4 c6 2. Nf3 d5 3. exd5 cxd5 4. Ne5 a6 5. d4 Nc6 6. c3 Nxe5 7. dxe5 Bf5 8. Nd2 e6 9. Nf3 Bc5 10. Bd3 Ne7 11. O-O Qc7 12. Bg5 Bxd3 13. Qxd3 Nc6 14. Rfe1 O-O 15. Rad1 b5 16. h4 Rae8 17. h5 h6 18. Be3 Be7 19. Bf4 f5 20. Nh2 Bg5 21. Qg3 Bxf4 22. Qxf4 Qf7 23. Qh4 Rc8 24. Nf3 Ne7 25. Nd4 Rc4 26. Rd3 b4 27. Ree3 bxc3 28. bxc3 Nc6 29. f4 Rc8 30. Kh2 Kh7 31. Rg3 Ne7 32. Rh3 R8c7 33. Rdg3 Nc6 34. Rd3 Na7 35. Rhg3 Nb5 36. Rg6 Re7 37. Ne2 Re4 38. Ng1 Rc7 39. Rdg3 Nxc3 40. Rxg7+ Qxg7 41. Rxg7+ Rxg7 42. Qf6 Rxf4 43. Qxe6 Rf2 44. Kh3 Ne4 45. Nf3 Rxf3+ 46. Kh2 Rf2 0-1


[Site "https://www.chess.com"]

[Event "Titled Tuesday Blitz November 15 Late 2022"]
[White "Svane, Frederik"]
[Black "Gubajdullin, Alexei"]
[WhiteFideId "12923044"]
[BlackFideId "4141202"]
[WhiteElo "2466"]
[BlackElo "2230"]
[Result "1/2-1/2"]
[Round "04"]
[TimeControl "180+1"]
[Date "2022.11.16"]
[WhiteClock "0:00:03"]
[BlackClock "0:00:06"]

1. c4 Nf6 2. d3 g6 3. Nc3 Bg7 4. g3 O-O 5. Bg2 d6 6. Rb1 Nc6 7. Nf3 Nh5 8. Bd2 f5 9. b4 f4 10. b5 Nd4 11. e3 fxe3 12. fxe3 Bh3 13. O-O Nxf3+ 14. Rxf3 Qd7 15. Bxh3 Qxh3 16. Qe2 Rxf3 17. Qxf3 Rf8 18. Qg2 Qg4 19. Rf1 Rxf1+ 20. Qxf1 Bxc3 21. Bxc3 e5 22. Kg2 Ng7 23. h3 Qc8 24. g4 Ne6 25. Qf6 Nc5 26. Qf3 Qf8 27. d4 Qxf3+ 28. Kxf3 Na4 29. Ba1 exd4 30. exd4 Kf7 31. Ke4 Ke6 32. d5+ Kf7 33. Bd4 b6 34. Kf4 h6 35. h4 Nc5 36. Bxc5 bxc5 37. a3 Ke7 38. Ke4 Kf6 39. Kf4 Kf7 40. Ke4 Kf6 41. Kf4 g5+ 42. hxg5+ hxg5+ 43. Ke4 Kg6 44. Kd3 Kf6 45. Ke4 Kg6 46. Ke3 Kf6 47. a4 Kg6 48. Ke4 Kf6 49. a5 Kg6 50. Ke3 Kf6 51. Ke4 Kg6 52. Kd3 Kf6 53. Ke2 Ke5 54. Ke3 Kf6 55. Ke4 1/2-1/2


[Site "https://www.chess.com"]

[Event "Titled Tuesday Blitz November 15 Late 2022"]
[White "Swiercz, Dariusz"]
[Black "Suleymanli, Suleyman"]
[WhiteFideId "1126881"]
[BlackFideId "13416375"]
[WhiteElo "2627"]
[BlackElo "2204"]
[Result "1/2-1/2"]
[Round "04"]
[TimeControl "180+1"]
[Date "2022.11.16"]
[WhiteClock "0:00:17"]
[BlackClock "0:01:23"]

1. e4 e6 2. Nf3 d5 3. e5 c6 4. d4 c5 5. c3 Nc6 6. Bd3 Qb6 7. O-O cxd4 8. cxd4 Bd7 9. Nc3 a6 10. Na4 Qa7 11. Be3 Nh6 12. Rc1 Nf5 13. Nc5 Nxe3 14. fxe3 Bxc5 15. Rxc5 O-O-O 16. Ng5 Be8 17. Nxf7 Bxf7 18. Rxf7 Rd7 19. Qf3 Qb6 20. Rxd7 Kxd7 21. Qf7+ Ne7 22. Bf5 exf5 23. Rxd5+ Kc8 24. Qxe7 Qxb2 25. Rc5+ Kb8 26. Qc7+ Ka8 27. h3 Qe2 28. Rc3 g5 29. e6 g4 30. hxg4 Qe1+ 31. Kh2 Qh4+ 32. Kg1 Qe1+ 33. Kh2 Qh4+ 34. Kg1 Qe1+ 1/2-1/2


[Site "https://www.chess.com"]